 Dungeon Crawl Stone Soup version 0.20-a0-433-g9e36e56 (webtiles) character file.

17713 mopl the Severer (level 12, -4/110 HPs)
             Began as a Hill Orc Wanderer on Jan 3, 2017.
             Was an Elder of Beogh.
             Slain by an orc knight
             ... wielding a +3 battleaxe
              (15 damage)
             ... on level 12 of the Dungeon.
             The game lasted 00:28:55 (14114 turns).

mopl the Severer (Hill Orc Wanderer)               Turns: 14114, Time: 00:28:56

Health: -4/110     AC: 13    Str: 18    XL:     12   Next: 50%
Magic:  19/19      EV: 14    Int: 12    God:    Beogh [****..]
Gold:   182        SH:  0    Dex: 12    Spells: 11/13 levels left

rFire  . . .     SeeInvis +     a - +1 battleaxe (elec)
rCold  . . .     Gourm    .     f - +0 steam dragon scales
rNeg   . . .     Faith    .     (shield currently unavailable)
rPois  .         Spirit   .     u - +0 helmet
rElec  .         Reflect  .     N - +0 cloak {MR+}
rCorr  .         Harm     .     W - +0 pair of gloves
MR     +....                    (no boots)
Stlth  ++........               (no amulet)
                                t - +2 ring of protection
                                B - ring of see invisible

@: about to teleport
A: no striking features
a: Smiting, Recall Orcish Followers, Renounce Religion


You were on level 12 of the Dungeon.
You worshipped Beogh.
Beogh was greatly pleased with you.
You were not hungry.

You visited 2 branches of the dungeon, and saw 13 of its levels.
You also visited: Ossuary.

You collected 880 gold pieces.
You spent 698 gold pieces at shops.

Inventory:

Hand Weapons
 a - a +1 battleaxe of electrocution (weapon)
 m - the +3 spear "Fish" {drain, rPois rF+}
   (You found it on level 8 of the Dungeon)

   A truly terrible weapon, it drains the life of those it strikes.
   It protects you from fire.
   It protects you from poison.
Missiles
 v - 20 tomahawks (quivered)
 w - a throwing net
 A - 33 bolts
 D - 11 javelins
Armour
 f - +0 steam dragon scales (worn)
 k - a +0 plate armour
 u - a +0 helmet (worn)
 N - a +0 cloak of magic resistance (worn)
 W - a +0 pair of gloves (worn)
Jewellery
 t - a +2 ring of protection (right hand)
 B - a ring of see invisible (left hand)
 H - a +6 ring of dexterity
 O - an uncursed ring of protection from fire
Wands
 b - a wand of digging (6/24)
 j - a wand of lightning (5/15)
 l - a wand of confusion (31/48)
 T - a wand of digging (19/24)
 U - a wand of polymorph (13/24)
 V - a wand of acid (9/15)
 X - a wand of lightning (6/15)
 Y - a wand of iceblast (10/15)
Scrolls
 h - 11 scrolls of teleportation
 o - 5 scrolls of remove curse {unknown}
 r - 2 scrolls of fear {unknown}
 y - 2 scrolls of enchant weapon {unknown}
 z - 3 scrolls of immolation {unknown}
 F - 4 scrolls of magic mapping {unknown}
 G - a scroll of vulnerability {unknown}
 I - 8 scrolls of random uselessness {unknown}
 J - 4 scrolls of noise {unknown}
 K - 2 scrolls of fog {unknown}
 S - 3 scrolls of acquirement {unknown}
Potions
 e - 12 potions of curing
 i - a potion of heal wounds
 n - 2 potions of agility
 p - a potion of magic {unknown}
 q - a potion of ambrosia
 s - 4 potions of might
 x - 6 potions of lignification {!q}
 C - a potion of haste
 L - 2 potions of invisibility
 M - a potion of resistance
 R - a potion of berserk rage {!q}
Miscellaneous
 d - a box of beasts
 E - a phantom mirror
 Q - a lamp of fire
Comestibles
 c - a meat ration
 g - 13 bread rations


   Skills:
 + Level 11.5 Fighting
 * Level 15.6 Axes
   Level 2.6 Bows
 + Level 8.7 Armour
 - Level 5.0 Dodging
 - Level 1.0 Stealth
   Level 1.1 Shields
 - Level 1.0 Spellcasting
   Level 1.7 Charms
 + Level 9.7 Invocations


You had 11 spell levels left.
You knew the following spells:

 Your Spells              Type           Power        Failure   Level  Hunger
a - Apportation           Tloc           #.........   34%         1    ##.....
x - Animate Skeleton      Necr           N/A          34%         1    ##.....


Dungeon Overview and Level Annotations

Branches:
Dungeon (12/15)            Temple (0/1) D:5            Lair (1/6) D:10
    Orc: D:9-12

Altars:
Dithmenos
Hepliaklqana
Makhleb
Nemelex Xobeh
Okawaru
Trog
The Shining One

Shops:
D:5 [   D:12 (


Message History

Unknown command.
You hit the orc knight.
The orc knight is lightly wounded.
Urug barely misses the orc knight.
Unknown command.
You hit the orc knight.
The orc knight is lightly wounded.
The orc knight hits you with an enchanted battleaxe!!
* * * LOW HITPOINT WARNING * * *
The orc knight hits Urug with an enchanted battleaxe!!
Unknown command.
You closely miss the orc knight.
The orc knight is lightly wounded.
You slash the hippogriff!
Urug hits the orc knight with an enchanted broad axe!
The hippogriff closely misses you. The hippogriff barely misses you.
The hippogriff claws you but does no damage.
The orc knight hits you with an enchanted battleaxe!
You die...
Beogh appreciates the orc knight's killing of a heretic priest.

... ... .# ######.##.#
#.@o.#.##.# #H##o#.##.#
..#.#+#####.#..#.##.#####
..........#.#.o#§##.#...
#...........#...o...#.#######
..............#.§§e..........
............................<
#.......................####
#...........................


You could see an orc knight, a hippogriff and the friendly Urug.

Vanquished Creatures
  Fannar (D:11)
  3 two-headed ogres
  Nergalle (D:10)
  The ghost of Uhlv the Covert, a novice VSAs of Okawaru (D:8)
  2 unseen horrors (D:11)
  A swamp dragon (shapeshifter) (D:12)
  Pikel (D:4)
  Joseph (D:10)
  A guardian serpent (D:7)
  A kobold demonologist (D:10)
  A meliai (D:12)
  Prince Ribbit (D:6)
  A slime creature (D:12)
  A vampire (D:10)
  A spriggan (D:7)
  A yak (D:11)
  The ghost of Uhlv the Cudgeler, an amateur DsFi of Okawaru (D:5)
  The ghost of Uhlv the Insei, an amateur DsMo (D:4)
  A fire bat (D:8)
  Edmund (D:4)
  Duvessa (D:6)
  A water moccasin (D:6)
  7 orc warriors
  2 sky beasts
  A slave (D:4)
  A black bear (D:9)
  An ice beast (D:10)
  4 ogres
  2 phantoms
  A necrophage (D:7)
  3 centaurs
  A crocodile (D:10)
  A big kobold (D:9)
  Blork the orc (D:5)
  3 bullfrogs
  Dowan (D:6)
  2 scorpions
  5 killer bees (D:8)
  A howler monkey (D:4)
  5 crimson imps
  A lava snake (D:8)
  2 bullfrog zombies
  A bullfrog skeleton (D:11)
  A quasit (D:11)
  A hound (D:5)
  A human zombie (Ossuary)
  2 jellies
  5 orc priests
  Crazy Yiuf (D:2)
  6 orc wizards
  A gnoll shaman (D:7)
  4 iguanas
  Terence (D:3)
  8 worker ants
  A big kobold zombie (Ossuary)
  2 mummies (Ossuary)
  2 worker ant zombies
  9 adders
  14 gnolls
  A howler monkey skeleton (D:4)
  3 shadow imps
  5 adder skeletons
  An adder zombie (D:5)
  3 worms
  2 dart slugs
  8 leopard geckos
  35 orcs
  9 giant cockroaches
  11 goblins
  5 hobgoblins
  2 jackals (D:9)
  3 quokkas
  3 bats
  4 frilled lizards
  A gnoll zombie (Ossuary)
  3 goblin zombies (Ossuary)
  2 hobgoblin zombies (Ossuary)
  11 kobolds
  A leopard gecko skeleton (D:4)
  A quokka zombie (D:6)
  11 rats
  A plant (Lair:1)
256 creatures vanquished.

Vanquished Creatures (collateral kills)
  The ghost of Gorice the Carver, a journeyman DsAM of Okawaru (D:11)
  Erolcha (D:11)
  2 hydras
  2 two-headed ogres
  2 unseen horrors
  A deep elf mage (D:12)
  2 cyclopes (D:11)
  A kobold demonologist (D:11)
  A komodo dragon (D:10)
  A troll (D:11)
  A hippogriff (D:9)
  5 slime creatures (D:12)
  3 yaks (D:11)
  2 hungry ghosts
  A steam dragon (D:10)
  A vampire mosquito (D:12)
  An ice beast (D:9)
  An ogre (D:11)
  A tengu (shapeshifter) (D:12)
  A centaur (D:10)
  A crocodile (D:10)
  A bullfrog (D:11)
  2 orc wizards (D:11)
  A worker ant (D:10)
  An adder (D:8)
  4 orcs
  A rat (D:3)
42 creatures vanquished.

Vanquished Creatures (others)
  An orc knight (D:11)
  A slave (D:4)
  6 orc warriors
  4 orc priests
  2 orc wizards (D:11)
  23 orcs
37 creatures vanquished.

Grand Total: 335 creatures vanquished

Notes
Turn   | Place    | Note
-------+----------+-------------------------------------------
     0 | D:1      | mopl the Hill Orc Wanderer began the quest for the Orb.
     0 | D:1      | mopl set off with: a +2 shortbow, 24 arrows, a +0 hand crossbow, 20 bolts, a potion of curing, a +0 robe, a bread ration
     0 | D:1      | Reached XP level 1. HP: 16/16 MP: 2/2
    45 | D:1      | Reached skill level 2 in Fighting
    45 | D:1      | Reached XP level 2. HP: 24/24 MP: 3/3
   320 | D:1      | Reached skill level 1 in Dodging
   559 | D:2      | Reached XP level 3. HP: 28/30 MP: 4/4
   575 | D:2      | Found an iron altar of Okawaru.
   926 | D:2      | Reached skill level 3 in Fighting
  1331 | D:2      | Reached XP level 4. HP: 38/38 MP: 5/5
  1431 | D:2      | Found a runed door.
  1435 | D:2      | Noticed Crazy Yiuf
  1438 | D:2      | Killed Crazy Yiuf
  1438 | D:2      | Reached skill level 2 in Dodging
  1553 | D:3      | Reached XP level 5. HP: 32/46 MP: 6/6
  1556 | D:3      | Reached skill level 4 in Fighting
  1753 | D:3      | Found a glowing golden altar of the Shining One.
  1759 | D:3      | Found a shadowy altar of Dithmenos.
  1922 | D:3      | Noticed Terence
  1935 | D:3      | Killed Terence
  2175 | D:3      | Reached skill level 3 in Dodging
  2226 | D:4      | Became a worshipper of Beogh the Brigand
  2237 | D:4      | Noticed an orc warrior
  2243 | D:4      | Banished an orc warrior
  2243 | D:4      | Reached skill level 5 in Fighting
  2243 | D:4      | Reached XP level 6. HP: 56/56 MP: 7/7
  2310 | D:4      | Noticed Uhlv's ghost (amateur DsMo)
  2318 | D:4      | Killed Uhlv's ghost
  2318 | D:4      | Reached skill level 2 in Axes
  2356 | D:4      | Noticed a slave
  2374 | D:4      | Killed a slave
  2494 | D:4      | Reached skill level 3 in Axes
  2494 | D:4      | Reached XP level 7. HP: 55/61 MP: 8/8
  2554 | D:4      | Noticed Edmund
  2555 | D:4      | Noticed Pikel
  2577 | D:4      | Killed Pikel
  2577 | D:4      | Reached skill level 6 in Fighting
  2577 | D:4      | Reached skill level 6 in Axes
  2577 | D:4      | Reached skill level 4 in Dodging
  2577 | D:4      | Reached XP level 8. HP: 36/71 MP: 9/9
  2595 | D:4      | Killed Edmund
  3084 | D:5      | Entered Level 5 of the Dungeon
  3200 | D:5      | Found a sand-covered staircase.
  3211 | Ossuary  | Entered an ossuary
  3346 | Ossuary  | Reached * piety under Beogh
  3346 | Ossuary  | Reached skill level 7 in Axes
  3494 | D:5      | Reached skill level 7 in Fighting
  3576 | D:5      | Found a staircase to the Ecumenical Temple.
  3658 | D:5      | Noticed Uhlv's ghost (amateur DsFi)
  3674 | D:5      | Killed Uhlv's ghost
  3810 | D:5      | Found Siarihoj's Antique Armour Shoppe.
  3828 | D:5      | Bought an embroidered cloak for 336 gold pieces
  3901 | D:5      | Reached skill level 8 in Axes
  3901 | D:5      | Reached skill level 5 in Dodging
  4001 | D:5      | Noticed Blork the orc
  4012 | D:5      | Killed Blork the orc
  4101 | D:5      | Reached XP level 9. HP: 61/79 MP: 10/10
  4199 | D:6      | Got a polished dagger
  4204 | D:6      | Identified the +9 dagger of Naaf Wush {protect, +Inv rElec rN+ Dex+6} (You found it on level 6 of the Dungeon)
  4360 | D:6      | Noticed Prince Ribbit
  4571 | D:6      | Reached skill level 9 in Axes
  4571 | D:6      | Reached skill level 2 in Armour
  4622 | D:6      | Killed Prince Ribbit
  4916 | D:6      | Reached ** piety under Beogh
  4916 | D:6      | Reached skill level 8 in Fighting
  4982 | D:6      | Noticed Duvessa
  4983 | D:6      | Noticed Dowan
  4994 | D:6      | Killed Dowan
  4994 | D:6      | Reached skill level 1 in Invocations
  5010 | D:6      | Killed Duvessa
  5010 | D:6      | Reached skill level 3 in Armour
  5621 | D:6      | Reached skill level 10 in Axes
  5625 | D:6      | Reached skill level 2 in Invocations
  5891 | D:7      | Noticed a cyclops
  5898 | D:7      | Noticed a guardian serpent
  5898 | D:7      | a cyclops changed into a guardian serpent
  5906 | D:7      | Killed a guardian serpent
  5906 | D:7      | Reached skill level 3 in Invocations
  6234 | D:7      | Reached skill level 4 in Armour
  6773 | D:7      | Reached XP level 10. HP: 55/89 MP: 12/12
  6846 | D:7      | Reached skill level 11 in Axes
  6846 | D:7      | Reached skill level 4 in Invocations
  7240 | D:7      | Reached skill level 9 in Fighting
  7391 | D:8      | Noticed Psyche
  7394 | D:8      | Noticed Psyche
  7394 | D:8      | Psyche changed into Psyche the fire bat
  7412 | D:8      | Killed Psyche the fire bat
  7692 | D:8      | Got a scorched spear
  7693 | D:8      | Identified the +3 spear "Fish" {drain, rPois rF+} (You found it on level 8 of the Dungeon)
  7816 | D:8      | Noticed Uhlv's ghost (novice VSAs)
  7833 | D:8      | Killed Uhlv's ghost
  7833 | D:8      | Reached skill level 5 in Armour
  7833 | D:8      | Reached skill level 5 in Invocations
  7941 | D:8      | Reached *** piety under Beogh
  8144 | D:8      | Found a hazy altar of Hepliaklqana.
  8333 | D:8      | Reached skill level 12 in Axes
  8926 | D:8      | Noticed a two-headed ogre
  8936 | D:8      | Killed a two-headed ogre
  8936 | D:8      | Reached skill level 6 in Invocations
  9227 | D:8      | Found a bloodstained altar of Trog.
  9629 | D:9      | Found a sparkling altar of Nemelex Xobeh.
  9644 | D:9      | Reached skill level 10 in Fighting
  9644 | D:9      | Reached skill level 6 in Armour
  9644 | D:9      | Reached XP level 11. HP: 99/99 MP: 15/15
  9991 | D:9      | Reached skill level 13 in Axes
 10084 | D:9      | Found a burning altar of Makhleb.
 10154 | D:10     | Entered Level 10 of the Dungeon
 10154 | D:10     | Noticed a two-headed ogre
 10161 | D:10     | Killed a two-headed ogre
 10161 | D:10     | Reached **** piety under Beogh
 10369 | D:10     | Noticed Joseph
 10381 | D:10     | Killed Joseph
 10381 | D:10     | Reached skill level 7 in Invocations
 10464 | D:10     | Noticed Nergalle
 10475 | D:10     | Killed Nergalle
 10504 | D:10     | Noticed a two-headed ogre
 10513 | D:10     | Killed a two-headed ogre
 10760 | D:10     | Noticed a two-headed ogre
 10768 | D:10     | Killed a two-headed ogre
 10768 | D:10     | Reached skill level 7 in Armour
 11125 | D:10     | Found a staircase to the Lair.
 11135 | Lair:1   | Entered Level 1 of the Lair of Beasts
 11536 | D:10     | Reached skill level 8 in Invocations
 11601 | D:11     | Noticed Gorice's ghost (journeyman DsAM)
 11894 | D:11     | Killed Gorice's ghost
 11894 | D:11     | Reached skill level 14 in Axes
 12184 | D:11     | Gained Ortolf as an ally
 12225 | D:11     | Noticed a cyclops
 12236 | D:11     | Killed a cyclops
 12400 | D:11     | Learned a level 1 spell: Apportation
 12402 | D:11     | Learned a level 1 spell: Animate Skeleton
 12473 | D:11     | Noticed Urug
 12477 | D:11     | Noticed a cyclops
 12478 | D:11     | Noticed Fannar
 12919 | D:11     | Killed a cyclops
 12937 | D:11     | Killed Fannar
 13030 | D:11     | Noticed a four-headed hydra
 13040 | D:11     | Killed a four-headed hydra
 13098 | D:11     | Noticed Erolcha
 13108 | D:11     | Killed Erolcha
 13108 | D:11     | Reached skill level 11 in Fighting
 13108 | D:11     | Reached XP level 12. HP: 47/110 MP: 14/18
 13108 | D:11     | Reached skill level 8 in Armour
 13111 | D:11     | Your ally Ortolf died
 13115 | D:11     | Reached skill level 9 in Invocations
 13117 | D:11     | Reached skill level 15 in Axes
 13758 | D:12     | Found Pomalyrgh's Antique Weapon Boutique.
 13798 | D:12     | Bought a runed battleaxe for 362 gold pieces
 13854 | D:12     | Noticed a two-headed ogre
 13855 | D:12     | Noticed a six-headed hydra
 13859 | D:12     | Killed a two-headed ogre
 13863 | D:12     | Killed a six-headed hydra
 14108 | D:12     | Gained Gorbash as an ally
 14114 | D:12     | Slain by an orc knight

Vault maps used:
D:1:      kennysheep_arrival_forest, grunt_decor_one_mirror
D:2:      old_standard_altar, first_bread, uniq_crazy_yiuf_cottage
D:3:      grunt_temple_overflow_open, uniq_terence
D:4:      uniq_edmund, uniq_pikel
D:5:      chequers_ossuary_entry_cave, serial_shops,
          nicolae_shop_overgrown_old_shop, uniq_blork_the_orc
D:6:      serial_corexii_hall, corexii_hall_statues_l, corexii_hall_statues_x,
          uniq_duvessa, uniq_prince_ribbit1
D:7:      the_bakery
D:8:      lightli_temple_of_fire, lemuel_crystal_altar,
          minmay_stone_trees_small, kennysheep_crisscross, minmay_orc_keep,
          uniq_psyche
D:9:      lemuel_coloured_pillars_altar, nicolae_overflow_hidden_temple
D:10:     erik_lair_dragon, uniq_joseph, uniq_nergalle
D:11:     uniq_erolcha, uniq_fannar, uniq_urug
D:12:     orc_0_dummy, serial_shops, nicolae_shop_waterfront,
          minmay_misc_feat_five, minivault_12
Lair:1:   st_stairs_11, grunt_megastairs_2, uniq_grum, uniq_harold
Ossuary:  ossuary_crypta

Skill      XL: |  1  2  3  4  5  6  7  8  9 10 11 12 |
---------------+-------------------------------------+-----
Fighting       | 2 3 5 6 7 8 10 11 | 11.5
Dodging        | 1 2 3 4 5 |  5.0
Axes           | 3 6 8 10 12 14 15 | 15.6
Armour         | 4 6 7 8 |  8.7
Invocations    | 3 6 8 9 |  9.7
Bows           | |  2.6
Stealth        | |  1.0
Shields        | |  1.1
Spellcasting   | |  1.0
Charms         | |  1.7

Action                   |  1- 3 |  4- 6 |  7- 9 | 10-12 || total
-------------------------+-------+-------+-------+-------++-------
Melee: Quarterstaff      |       |   142 |   364 |    93 ||   599
       Broad axe         |       |       |       |   286 ||   286
       Spear             |       |       |       |    57 ||    57
       War axe           |       |       |       |    28 ||    28
       Battleaxe         |       |       |       |    29 ||    29
 Fire: Shortbow          |   112 |       |       |       ||   112
       Hand crossbow     |     5 |     3 |       |       ||     8
Invok: Convert to Beogh  |       |     1 |       |       ||     1
       Smiting           |       |       |       |     9 ||     9
Evoke: Wand              |       |       |       |     2 ||     2
  Use: Scroll            |       |       |    10 |     5 ||    15
       Potion            |       |       |     2 |     3 ||     5
 Stab: Paralysed         |       |     1 |    10 |       ||    11
       Petrified         |       |     2 |     6 |       ||     8
       Petrifying        |       |     1 |       |       ||     1
       Confused          |       |       |       |     1 ||     1
       Distracted        |       |       |       |     3 ||     3
       Sleeping          |       |       |       |     1 ||     1
  Eat: Chunk             |     1 |     4 |    10 |    12 ||    27
       Fruit             |       |       |     1 |     7 ||     8
       Royal jelly       |       |       |     1 |     1 ||     2
       Bread ration      |       |       |       |     1 ||     1
       Beef jerky        |       |       |       |     1 ||     1
       Pizza             |       |       |       |     1 ||     1
Armor: Robe              |     2 |       |       |       ||     2
       Chain mail        |    27 |    76 |   195 |   146 ||   444
       Ring mail         |     3 |       |       |       ||     3
       Skin              |       |       |     8 |       ||     8
       Plate armour      |       |       |       |    46 ||    46
       Steam dragon scal |       |       |       |    42 ||    42
Dodge: Dodged            |    29 |    52 |   150 |   246 ||   477
